 Dungeon Sprint DCSS version 0.28-a0-1518-gbe868bca14 (webtiles) character file.

Game seed: 12538402185986733194

13477 Goblin1989 the Timeless (level 11, -7/92 HPs)
             Began as a Demonspawn Fighter on Jan 17, 2022.
             Was a High Priest of Cheibriados.
             Killed from afar by an ice dragon (31 damage)
             ... with a blast of cold
             ... in the Dungeon (Sprint V: "Ziggurat Sprint").
             The game lasted 00:12:33 (641 turns).

Goblin1989 the Timeless (Demonspawn Fighter)         Turns: 641, Time: 00:12:34

Health: -7/92      AC: 27    Str: 40    XL:     11   Next: 76%
Magic:  14/24      EV: 10    Int: 27    God:    Cheibriados [*****.]
Gold:   0          SH: 33    Dex: 32    Spells: 10/10 levels left

rFire   + . .      SeeInvis +   q - +14 obsidian axe {vorpal, Mesm Drain Fly SInv}
rCold   . . .      Faith    .   p - +18 shield of the Gong {rElec rN+ Will+ EV-5}
rNeg    + . .      Spirit   .   k - +5 gold dragon scales
rPois   +          Reflect  .   J - +0 helmet "Jizakkuj" {*Slow rC- Will+ Int+4}
rElec   +          Harm     .   K - +0 cloak
rCorr   .          Rampage  .   (no gloves)
Will    ++...      NoTele   +   (no boots)
Stlth   ..........              W - amulet of the Good {RegenMP rElec Dex+4 SInv}
HPRegen 0.25/turn               w - +6 ring of strength
MPRegen 0.59/turn               N - +4 ring of slaying

@: mighty, flying, mesmerised, studying 2 skills, very slow
A: yellow scales 1, foul stench 2, powered by pain 2, demonic touch 1
a: Renounce Religion, Bend Time, Temporal Distortion, Slouch, Step From Time


You were in the Dungeon.
You worshipped Cheibriados.
Cheibriados was extremely pleased with you.
You visited 1 branch

Inventory:

Hand Weapons
 q - the +14 obsidian axe (weapon) {vorpal, Mesm Drain Fly SInv}
   (You found it in the Dungeon)

   It inflicts extra damage upon your enemies.
   It occasionally summons demons to assist the wielder when it strikes in
   combat.
   Its wielder is mesmerised by any visible foes.
   It cannot be unequipped while any foes are visible.
   SInv:      It lets you see invisible.
   Fly:       It grants you flight.
   Drain:     It drains your maximum health when unequipped.
 Y - the +8 autumn katana {vorpal, manifold assault}
   (You found it in the Dungeon)

   It sometimes launches melee attacks against multiple visible enemies.
Armour
 k - +5 gold dragon scales (worn)
 p - the +18 shield of the Gong (worn) {rElec rN+ Will+ EV-5}
   (You found it in the Dungeon)

   It is deafeningly noisy when blocking attacks.
   EV:        It affects your evasion (-5).
   rElec:     It insulates you from electricity.
   rN:        It protects you from negative energy.
   Will:      It increases your willpower.
 J - the +0 helmet "Jizakkuj" (worn) {*Slow rC- Will+ Int+4}
   (You found it in the Dungeon)

   Int:       It affects your intelligence (+4).
   rC:        It makes you vulnerable to cold.
   *Slow:     It may slow you when you take damage.
   Will:      It increases your willpower.
 K - a +0 cloak (worn)
Jewellery
 w - a +6 ring of strength (left hand)
 N - a +4 ring of slaying (right hand)
 W - the amulet of the Good (around neck) {RegenMP rElec Dex+4 SInv}
   (You found it in the Dungeon)

   [amulet of magic regeneration]

   It increases your rate of magic regeneration.
   Dex:       It affects your dexterity (+4).
   rElec:     It insulates you from electricity.
   SInv:      It lets you see invisible.
 X - the amulet of the Inquisitive Suns {Acrobat rElec Will+ Dex+4}
   (You found it in the Dungeon)

   [amulet of the acrobat]

   It increases your evasion while moving and waiting.
   Dex:       It affects your dexterity (+4).
   rElec:     It insulates you from electricity.
   Will:      It increases your willpower.
Wands
 y - a wand of mindburst (7)
 z - a wand of iceblast (7) {@v5}
 A - a wand of acid (7) {@v4}
 L - a wand of polymorph (1)
 M - a wand of digging (3) {@v3}
Scrolls
 j - 4 scrolls of blinking {!r, @r3}
 F - 7 scrolls of fog
 G - 5 scrolls of identify {@r1}
 H - 2 scrolls of fear
 R - a scroll of brand weapon
Potions
 d - 6 potions of might {@q4}
 e - 10 potions of curing {@q1}
 f - 7 potions of heal wounds {@q2}
 h - 7 potions of magic
 i - 3 potions of berserk rage
 B - 2 potions of brilliance
 C - 2 potions of invisibility
 D - 4 potions of resistance
Miscellaneous
 I - a tin of tremorstones (2/2)
 Q - a box of beasts
 U - a condenser vane
 V - a phial of floods


   Skills:
 + Level 10.9 Fighting
 * Level 15.2 Axes
 + Level 10.0 Armour
 + Level 9.6 Dodging
 + Level 10.1 Shields
 * Level 18.8 Invocations


You had 10 spell levels left.
You didn't know any spells.
Your spell library contained the following spells:

 Spells                   Type           Power      Damage    Failure   Level
 Animate Skeleton         Necr           0%         N/A       97%         1
 Beastly Appendage        Tmut           0%         N/A       97%         1
 Pain                     Necr           0%         1d4       97%         1
 Sandblast                Erth           0%         2d4       97%         1
 Ensorcelled Hibernation  Hex/Ice        0%         N/A       99%         2
 Passwall                 Tmut/Erth      0%         N/A       99%         2
 Frozen Ramparts          Ice            0%         1d2       100%        3
 Gell's Gravitas          Tloc           0%         N/A       100%        3
 Ozocubu's Armour         Ice            0%         N/A       100%        3
 Spider Form              Tmut/Pois      0%         N/A       100%        3
 Stone Arrow              Conj/Erth      0%         3d7       100%        3
 Teleport Other           Tloc           0%         N/A       100%        3
 Vampiric Draining        Necr           0%         2d6       100%        3
 Anguish                  Hex/Necr       0%         N/A       100%        4
 Hailstorm                Conj/Ice       0%         3d3       100%        4
 Ice Form                 Ice/Tmut       0%         N/A       100%        4
 Metabolic Englaciation   Hex/Ice        0%         N/A       100%        5
 Yara's Violent Unravell  Hex/Tmut       0%         3d3       100%        5
 Conjure Ball Lightning   Conj/Air       0%         3x3d6     100%        6
 Dispersal                Tloc           0%         N/A       100%        6
 Simulacrum               Ice/Necr       0%         N/A       100%        6
 Discord                  Hex            0%         N/A       100%        8
 Disjunction              Tloc           0%         N/A       100%        8


Dungeon Overview and Level Annotations

Branches:
Dungeon (1/1)

Altars:
Ashenzari
Cheibriados
Dithmenos
Elyvilon
Fedhas
Gozag
Hepliaklqana
Kikubaaqudgha
Makhleb
Nemelex Xobeh
Okawaru
Qazlal
Ru
Sif Muna
Trog
Uskayaw
Vehumet
Wu Jian
Xom
Yredelemnul
Zin
The Shining One
Beogh
Jiyva
Lugonu


Innate Abilities, Weirdness & Mutations

You are partially covered in yellow scales. (AC +2)
You sometimes emit foul miasma when damaged in melee.
You sometimes gain power by taking damage.
Your touch may inflict minor irresistible damage on your foes.


Message History

Your Invocations skill increases to level 18!
Unknown command.
No target in view!
Unknown command.
Found a transporter.
MP restored: 24
Z - a ring of ice
T - a +4 ring of protection You see here a lightning rod (4/4).
S - a +6 ring of dexterity Partly explored, unvisited transporter.
Okay, then.
You drop a +6 ring of dexterity.
You drop a +4 ring of protection.
You drop a ring of ice.
There is a transporter here.
Welcome to arena 12.
You enter the transporter and appear at another place.
An ice dragon, an acid dragon, 2 swamp drakes and a steam dragon come into view.
Visions of slaying the acid dragon flood into your mind.
The ice dragon roars deafeningly!
The acid dragon roars!
The swamp drake roars!
The steam dragon hisses angrily.
A wyvern comes into view.
An ice dragon comes into view. x2
An acid dragon comes into view.
A wyvern comes into view.
A five-headed hydra comes into view.
The ice dragon moves out of view.
Found five items.
Unknown command.
Activating: Slouch (0% risk of failure)
Press: ? - help, Dir - look around, f - activate You can feel time thicken for a moment.
You kill the wyvern!
Cheibriados thoroughly appreciates the change of pace.
You kill the wyvern!
Cheibriados thoroughly appreciates the change of pace.
The five-headed hydra roars!
The acid dragon roars!
The ice dragon roars deafeningly!
You hear a deafening roar!
You now have 19/24 mp.
Activating: Slouch (0% risk of failure)
Press: ? - help, Dir - look around, f - activate You can feel time thicken for a moment.
You are no longer entranced.
You kill the acid dragon!
Cheibriados appreciates the change of pace.
You kill the steam dragon!
Cheibriados appreciates the change of pace.
You kill the swamp drake!
Cheibriados thoroughly appreciates the change of pace.
You kill the swamp drake!
Cheibriados appreciates the change of pace.
You kill the acid dragon!
Cheibriados thoroughly appreciates the change of pace.
Visions of slaying the ice dragon flood into your mind.
The ice dragon breathes frost at you. The blast of cold misses you.
The ice dragon breathes frost at you. The blast of cold hits you!!
You focus on the pain.
You feel very mighty all of a sudden.
You take 35 damage, and have 57/92 hp.
MASSIVE DAMAGE!!
You now have 15/24 mp.
Activating: Slouch (0% risk of failure)
Press: ? - help, Dir - look around, f - activate You can feel time thicken for a moment.
You now have 10/24 mp.
Unknown command.
Activating: Slouch (0% risk of failure)
Press: ? - help, Dir - look around, f - activate You can feel time thicken for a moment.
You kill the five-headed hydra!
Cheibriados appreciates the change of pace.
The ice dragon breathes frost at you. The blast of cold hits you!!
* * * LOW HITPOINT WARNING * * *
You focus on the pain.
You feel your power returning.
Your Axes skill increases to level 15!
You take 27 damage, and have 30/92 hp.
MASSIVE DAMAGE!!
You regained 13 mp, and now have 23/24 mp.
Unknown command.
Activating: Slouch (0% risk of failure)
Press: ? - help, Dir - look around, f - activate You can feel time thicken for a moment.
You are no longer entranced.
You kill the ice dragon!
Cheibriados thoroughly appreciates the change of pace.
You kill the ice dragon!
Cheibriados appreciates the change of pace.
Visions of slaying the ice dragon flood into your mind.
The ice dragon breathes frost at you. The blast of cold hits you!
* * * LOW HITPOINT WARNING * * *
Your Armour skill increases to level 10!
Your Shields skill increases to level 10!
You take 7 damage, and have 23/92 hp.
You now have 19/24 mp.
Activating: Slouch (0% risk of failure)
Press: ? - help, Dir - look around, f - activate You can feel time thicken for a moment.
Cheibriados lowers the support of your attributes as your movement quickens.
The ice dragon breathes frost at you. The blast of cold hits you!!
You die...

▓..|[=}...▓.
▓..)|:"}..▓..)))}...▓.
▓.........▓.........▓.
▓......†..▓.........▓.
▓....D....▓.........▓.
▓.........▓.........▓.
▓.........▓.........▓.
▓.▓.....▓.▓.........▓.
▓....@....▓....©....▓▓
▓▓▓▓▓▓▓▓▓▓▓▓▓▓▓▓▓▓▓▓▓


You could see an ice dragon (mesmerising, catching breath).

Vanquished Creatures
  An acid blob (D)
  2 azure jellies (D)
  A lorocyproca (D)
  A hydra (D)
  2 ice dragons (D)
  2 deep elf zephyrmancers (D)
  3 deep elf pyromancers (D)
  2 wolf spiders (D)
  An eye of devastation (D)
  A smoke demon (D)
  2 black mambas (D)
  A freezing wraith (D)
  A tarantella (D)
  A slime creature (D)
  A jumping spider (D)
  Sigmund (D)
  2 wyverns (D)
  A golden eye (D)
  A steam dragon (D)
  A redback (D)
  3 nagas (D)
  2 acid dragons (D)
  3 water moccasins (D)
  2 swamp drakes (D)
  2 necrophages (D)
  A phantom (D)
  Blork the orc (D)
  An earth elemental (D)
  A scorpion (D)
  A wight (D)
  3 crimson imps (D)
  2 quasits (D)
  Crazy Yiuf (D)
  A jelly (D)
  2 iron imps (D)
  Jessica (D)
  An iguana (D)
  2 mummies (D)
  2 adders (D)
  A river rat (D)
  A shadow imp (D)
  A white imp (D)
  5 ball pythons (D)
  A bat skeleton (D)
  2 endoplasms (D)
  A jackal (D)
72 creatures vanquished.

Vanquished Creatures (collateral kills)
  A slime creature (D)
  A water moccasin (D)
2 creatures vanquished.

Grand Total: 74 creatures vanquished

Notes
Turn   | Place    | Note
-------+----------+-------------------------------------------
     0 | D        | Goblin1989 the Demonspawn Fighter began the quest for the
                  | Orb.
     0 | D        | Reached XP level 1. HP: 18/18 MP: 1/1
     2 | D        | Banished a spatial maelstrom
     3 | D        | Found a blossoming altar of Fedhas.
     4 | D        | Found an opulent altar of Gozag.
     4 | D        | Found a hazy altar of Hepliaklqana.
     4 | D        | Found a viscous altar of Jiyva.
     4 | D        | Found a transporter.
     6 | D        | Became a worshipper of Cheibriados the Contemplative
     8 | D        | Found an ancient bone altar of Kikubaaqudgha.
     9 | D        | Found the +6 Majin-Bo {vamp, MP+6 Int+6}
     9 | D        | Found the +9 heavy crossbow "Sniper" {vorpal, Acc+∞ SInv}
     9 | D        | Found the +10 dark maul {vorpal}
     9 | D        | Found the +15 Maxwell's patent armour {-Cast -Tele rElec
                  | Will+ rCorr}
     9 | D        | Found the +18 shield of the Gong {rElec rN+ Will+ EV-5}
     9 | D        | Found the +14 obsidian axe {vorpal, Mesm Drain Fly SInv}
    10 | D        | Found the +7 great mace "Firestarter" {inner flame, rF++}
    10 | D        | Found the +6 shillelagh "Devastator" {shatter}
    10 | D        | Found the +11 plutonium sword {Contam Stlth-}
    10 | D        | Found the +8 lance "Wyrmbane" {slay drac, rPois rF+ rC+
                  | AC+3}
    10 | D        | Found the +9 sword of Zonguldrok {reap}
    10 | D        | Found the +13 scythe of Curses {drain, Drain}
    10 | D        | Found the +5 sword of Power {vorpal}
    10 | D        | Found the +7 mace of Variability {chain chaos}
    10 | D        | Found the +7 Singing Sword {vorpal, sonic wave}
    10 | D        | Found the +8 storm bow {elec, penet}
    15 | D        | Found a corrupted altar of Lugonu.
    24 | D        | Found a burning altar of Makhleb.
    25 | D        | Found a sparkling altar of Nemelex Xobeh.
    25 | D        | Found an iron altar of Okawaru.
    25 | D        | Found a stormy altar of Qazlal.
    25 | D        | Found a sacrificial altar of Ru.
    69 | D        | Found a shimmering blue altar of Sif Muna.
    71 | D        | Found a bloodstained altar of Trog.
   104 | D        | Gained mutation: You may rarely emit foul miasma when
                  | damaged in melee. [demonic ancestry]
   104 | D        | Reached XP level 2. HP: 24/24 MP: 2/2
   106 | D        | Entered arena 2.
   106 | D        | Found a transporter.
   109 | D        | Reached skill level 1 in Invocations
   110 | D        | Reached skill level 2 in Invocations
   110 | D        | Gained mutation: Your touch may inflict minor irresistible
                  | damage on your foes. [demonic ancestry]
   110 | D        | Reached XP level 3. HP: 29/29 MP: 2/4
   113 | D        | Got the Handbook of Frigorific Moulding
   119 | D        | Entered arena 3.
   119 | D        | Found a transporter.
   124 | D        | Reached skill level 1 in Dodging
   124 | D        | Reached * piety under Cheibriados
   125 | D        | Reached skill level 3 in Invocations
   125 | D        | Reached XP level 4. HP: 35/35 MP: 3/6
   130 | D        | Got the +0 helmet "Jizakkuj" {*Slow rC- Will+ Int+4}
   147 | D        | Entered arena 4.
   147 | D        | Noticed Sigmund
   147 | D        | Noticed Jessica
   147 | D        | Noticed Blork the orc
   147 | D        | Noticed Crazy Yiuf
   147 | D        | Found a transporter.
   155 | D        | Killed Crazy Yiuf
   156 | D        | Reached skill level 4 in Invocations
   156 | D        | Killed Blork the orc
   156 | D        | Reached ** piety under Cheibriados
   157 | D        | Reached skill level 5 in Invocations
   157 | D        | Gained mutation: You sometimes emit foul miasma when
                  | damaged in melee. [demonic ancestry]
   157 | D        | Reached XP level 5. HP: 18/42 MP: 4/9
   159 | D        | Killed Jessica
   160 | D        | Reached skill level 6 in Invocations
   160 | D        | Killed Sigmund
   161 | D        | Reached skill level 5 in Fighting
   161 | D        | Reached skill level 7 in Invocations
   161 | D        | Gained mutation: You sometimes gain a little power by
                  | taking damage. [demonic ancestry]
   161 | D        | Reached XP level 6. HP: 50/51 MP: 5/11
   205 | D        | Entered arena 5.
   205 | D        | Found a transporter.
   206 | D        | Reached *** piety under Cheibriados
   210 | D        | Reached skill level 8 in Invocations
   214 | D        | Reached skill level 5 in Shields
   218 | D        | Reached **** piety under Cheibriados
   228 | D        | Got the +10 scale mail of Plasticity {*Corrode +Blink rPois
                  | rC+++}
   236 | D        | Entered arena 6.
   236 | D        | Found a transporter.
   241 | D        | Reached skill level 5 in Armour
   241 | D        | Gained mutation: You sometimes gain power by taking damage.
                  | [demonic ancestry]
   241 | D        | Reached XP level 7. HP: 54/56 MP: 13/13
   241 | D        | Reached ***** piety under Cheibriados
   242 | D        | Reached skill level 9 in Invocations
   245 | D        | Reached skill level 10 in Axes
   260 | D        | Entered arena 7.
   260 | D        | Noticed a deep elf pyromancer
   260 | D        | Noticed a deep elf zephyrmancer
   260 | D        | Noticed a deep elf pyromancer
   260 | D        | Noticed a deep elf pyromancer
   260 | D        | Noticed a deep elf zephyrmancer
   261 | D        | Found a transporter.
   263 | D        | Killed a deep elf pyromancer
   263 | D        | Killed a deep elf zephyrmancer
   263 | D        | Killed a deep elf zephyrmancer
   264 | D        | Reached skill level 12 in Invocations
   264 | D        | Gained mutation: You are partially covered in yellow
                  | scales. (AC +2) [demonic ancestry]
   264 | D        | Reached XP level 8. HP: 59/67 MP: 4/17
   264 | D        | Reached XP level 9. HP: 64/72 MP: 4/18
   265 | D        | Killed a deep elf pyromancer
   266 | D        | Reached skill level 13 in Invocations
   267 | D        | Killed a deep elf pyromancer
   352 | D        | Entered arena 8.
   352 | D        | Noticed a wolf spider
   352 | D        | Noticed a wolf spider
   353 | D        | Reached ****** piety under Cheibriados
   354 | D        | Reached skill level 14 in Invocations
   354 | D        | Found a transporter.
   355 | D        | Killed a wolf spider
   355 | D        | Killed a wolf spider
   356 | D        | Reached XP level 10. HP: 82/82 MP: 14/21
   401 | D        | Got the +5 ring mail of Daffodils {-Tele Harm rC++ Int+3}
   408 | D        | Entered arena 9.
   408 | D        | Noticed a black mamba
   409 | D        | Killed a black mamba
   410 | D        | Reached skill level 15 in Invocations
   410 | D        | Found a transporter.
   425 | D        | Got the +5 plate armour of Peek-a-Boo {rPois}
   429 | D        | Entered arena 10.
   429 | D        | Noticed a smoke demon
   429 | D        | Noticed a lorocyproca
   432 | D        | Found a transporter.
   434 | D        | Killed a smoke demon
   436 | D        | Killed a lorocyproca
   437 | D        | Reached skill level 16 in Invocations
   533 | D        | Got the amulet of the Inquisitive Suns {Acrobat rElec Will+
                  | Dex+4}
   547 | D        | Got the +8 long sword "Demon's Nightmare" {venom, rElec
                  | Dex+7}
   559 | D        | Entered arena 11.
   559 | D        | Found the +8 autumn katana {vorpal, manifold assault}
   559 | D        | Noticed a black mamba
   560 | D        | Found a transporter.
   562 | D        | Killed a black mamba
   577 | D        | Got the +12 dagger of Mis Ocog {vorpal, Str+3 Int+6}
   580 | D        | Got the amulet of the Good {RegenMP rElec Dex+4 SInv}
   597 | D        | Entered arena 12.
   597 | D        | Noticed an acid blob
   598 | D        | Noticed an azure jelly
   598 | D        | Noticed an azure jelly
   598 | D        | Noticed an eye of devastation
   602 | D        | Killed an acid blob
   603 | D        | Reached skill level 17 in Invocations
   603 | D        | Reached XP level 11. HP: 88/90 MP: 14/23
   604 | D        | Reached skill level 10 in Fighting
   604 | D        | Killed an azure jelly
   605 | D        | Killed an azure jelly
   609 | D        | Reached skill level 18 in Invocations
   619 | D        | Found a transporter.
   635 | D        | Entered arena 13.
   635 | D        | Found the amulet of Vitality {Regen+ HP+15}
   635 | D        | Noticed an ice dragon
   635 | D        | Noticed an ice dragon
   635 | D        | Noticed an ice dragon
   635 | D        | Noticed a five-headed hydra
   639 | D        | Killed a five-headed hydra
   640 | D        | Reached skill level 15 in Axes
   640 | D        | Killed an ice dragon
   640 | D        | Killed an ice dragon
   641 | D        | Reached skill level 10 in Armour
   641 | D        | Reached skill level 10 in Shields
   641 | D        | Killed from afar by an ice dragon

Illustrated notes

Levels and vault maps discovered:
D:        sprint_v [room_start, room_1, room_2, room_3, room_4, room_5, room_6,
          room_7, room_8, room_9, room_10, room_11, room_12, room_13, room_14,
          room_15, room_16, room_17, room_18, room_19, room_20, room_21,
          room_22, room_23, room_24, room_25, room_26, room_27]

Skill      XL: |  1  2  3  4  5  6  7  8  9 10 11 |
---------------+----------------------------------+-----
Axes           | 7 8 9 11 12 14 15 | 15.2
Invocations    | 2 3 5 7 8 12 14 17 18 | 18.8
Armour         | 3 4 5 6 7 9 10 | 10.0
Dodging        | 1 2 3 4 6 7 8 9 |  9.6
Shields        | 3 4 5 6 8 9 10 | 10.1
Fighting       | 4 5 7 8 9 10 | 10.9

Action                   |  1- 3 |  4- 6 |  7- 9 | 10-12 || total
-------------------------+-------+-------+-------+-------++-------
Melee: Broad axe         |     5 |    20 |     8 |    20 ||    53
Invok: Slouch            |       |       |     3 |    11 ||    14
  Use: Potion            |     1 |     3 |       |       ||     4
Armor: Gold dragon scale |     3 |    25 |     3 |    13 ||    44
Dodge: Dodged            |       |     3 |     1 |     9 ||    13
Block: Kite shield       |     5 |    51 |     9 |    36 ||   101

Table legend: (Time is in decaauts)
 A = Elapsed time spent in this place.
 B = Non-inter-level travel time spent in this place.
 C = Inter-level travel time spent in this place.
 D = Time resting spent in this place.
 E = Time spent auto-exploring this place.
 F = Levels seen in this place.
 G = Mean time per level.
                   A        B        C        D        E       F      G
               +--------+--------+--------+--------+--------+-----+--------+
         Total |    782 |    782 |      0 |    133 |    137 |   1 |  782.0 |
       Dungeon |    782 |    782 |      0 |    133 |    137 |   1 |  782.0 |
               +--------+--------+--------+--------+--------+-----+--------+

Top non-repeatable levels by time:
       D: 782 daAuts
